 Dungeon Crawl Stone Soup version 0.27.0-1-g7a089689b8 (webtiles) character file.

Game seed: 5208309257608565426

18 pkoi the Insei (level 2, 0/24 HPs)
             Began as a Demonspawn Monk on Aug 9, 2021.
             Slain by a bat (1 damage)
             ... on level 2 of the Dungeon.
             The game lasted 00:01:12 (1147 turns).

pkoi the Insei (Demonspawn Monk)                    Turns: 1147, Time: 00:01:12

Health: 0/24       AC:  2    Str: 11    XL:     2   Next: 48%
Magic:  2/2        EV: 12    Int: 11    God:
Gold:   62         SH:  0    Dex: 15    Spells: 1/1 levels left

rFire    . . .     SeeInvis .     - Unarmed
rCold    . . .     Faith    .   (no shield)
rNeg     . . .     Spirit   .   a - +0 robe
rPois    .         Reflect  .   (helmet restricted)
rElec    .         Harm     .   (no cloak)
rCorr    .         Rampage  .   (no gloves)
Will     .....                  (no boots)
Stlth    ++........             (no amulet)
HPRegen  0.08/turn              (no ring)
MPRegen  0.08/turn              (no ring)

@: no status effects
A: horns 1
a: no special abilities


You were on level 2 of the Dungeon.
You visited 1 branch of the dungeon, and saw 2 of its levels.

You collected 62 gold pieces.

Inventory:

Armour
 a - a +0 robe (worn)
Scrolls
 b - a scroll of identify {unknown}
 d - 2 scrolls of vulnerability {unknown}
Potions
 c - 2 potions of degeneration {unknown}


   Skills:
 - Level 3.0 Fighting
 - Level 2.6 Dodging
 - Level 1.7 Stealth
 + Level 3.5 Unarmed Combat


You had one spell level left.
You didn't know any spells.
Your spell library was empty.

Dungeon Overview and Level Annotations

Branches:
Dungeon (2/15)

Altars:


Innate Abilities, Weirdness & Mutations

You have a pair of small horns on your head.


Message History

There is a stone staircase leading up here. 2 adders and a dart slug come into view.
Found a scroll labelled EPASSIO JUNIR.
There are monsters nearby!
A frilled lizard and a bat come into view.
The adder hisses angrily.
Found a scroll labelled SIEDOB TOM XUE.
The frilled lizard hisses angrily.
You hit the adder but do no damage. The bat hits you. The adder bites you.
You closely miss the adder. Your headbutt misses the adder.
The bat closely misses you. The adder misses you. The adder bites you.
You hit the adder but do no damage. The bat closely misses you.
You closely miss the adder. The bat hits you but does no damage.
The frilled lizard barely misses you. The adder closely misses you.
The adder bites you. The bat hits you but does no damage.
You barely miss the adder. The bat closely misses you.
The bat barely misses you. The adder barely misses you.
The adder closely misses you.
The frilled lizard bites you but does no damage.
You barely miss the adder. The adder barely misses you. x2
The frilled lizard bites you. The adder bites you.
You are poisoned.
The adder poisons you! The adder bites you.
You are too injured to fight recklessly!
Unknown command.
You feel sick.
You feel sick.
You feel sick. The adder misses you.
You feel sick.
You feel sick. The adder closely misses you.
The bat hits you but does no damage.
You feel sick. The bat misses you. The adder bites you but does no damage.
The frilled lizard bites you.
* * * LOW HITPOINT WARNING * * *
There is a stone staircase leading up here.
* * * LOW HITPOINT WARNING * * *
You feel sick.
You are no longer poisoned.
The bat hits you.
You die...

........#....
........#..######
................#
........w.......#
.......#........#
......###.......#
########.....S...#
.........#...Sb..#
##########...l@..#
#.......#
#.......#
#########


You could see 2 adders, a dart slug, a bat and a frilled lizard.

Vanquished Creatures
  A dart slug (D:1)
  4 ball pythons (D:1)
  An endoplasm (D:1)
  2 goblins (D:1)
  A hobgoblin (D:1)
  A kobold (D:1)
  A quokka (D:1)
  A bat (D:1)
  2 rats (D:1)
14 creatures vanquished.

Notes
Turn   | Place    | Note
-------+----------+-------------------------------------------
     0 | D:1      | pkoi the Demonspawn Monk began the quest for the Orb.
     0 | D:1      | Reached XP level 1. HP: 18/18 MP: 1/1
   326 | D:1      | Gained mutation: You have a pair of small horns on your
                  | head. [demonic ancestry]
   326 | D:1      | Reached XP level 2. HP: 23/24 MP: 2/2
   720 | D:1      | Found a faded altar of an unknown god.
  1146 | D:2      | HP: 1/24 [frilled lizard (2)]
  1147 | D:2      | Slain by a bat

Illustrated notes

Levels and vault maps discovered:
D:1:      dpeg_arrival_shrine, layout_loops_ring,
          hellmonk_ecumenical_altar_inner_sanctum,
          hangedman_abyss_or_decor_lesser_grid, minmay_indecisive_spiral
D:2:      layout_rooms, basic_altar, uniq_robin

Skill      XL: |  1 |
---------------+----+-----
Unarmed Combat | 3 |  3.5
Fighting       | |  3.0
Dodging        | |  2.6
Stealth        | |  1.7

Action                   || total
-------------------------++-------
Melee: Unarmed           ||    62
       Headbutt          ||     4
 Stab: Sleeping          ||     2
Armor: Robe              ||    15
Dodge: Dodged            ||    45
